 Dungeon Crawl Stone Soup version 0.31.0-9-g3a7656b989 (webtiles) character file.

Game seed: 11275461781506516010

268 Aneyh the Slasher (level 6, 0/38 HPs)
             Began as a Tengu Monk on Jan 25, 2024.
             Slain by an orc priest
             ... wielding a +0 dagger
              (4 damage)
             ... on level 4 of the Dungeon.
             The game lasted 00:05:12 (2166 turns).

Aneyh the Slasher (Tengu Monk)                      Turns: 2166, Time: 00:05:13

Health: 0/38       AC:  3    Str: 12    XL:     6   Next: 21%
Magic:  7/7        EV: 13    Int: 12    God:
Gold:   120        SH:  0    Dex: 16    Spells: 5/5 levels left

rFire   . . .        b - +2 whip (elec)
rCold   . . .        (no shield)
rNeg    . . .        r - +1 robe of the Planets {rElec Slay+3}
rPois   .            (helmet restricted)
rElec   +            (no cloak)
rCorr   .            (no gloves)
SInv    .            (boots unavailable)
Will    .....        (no amulet)
Stlth   +            k - ring of flight
HPRegen 0.26/turn    (no ring)
MPRegen 0.10/turn

%: acrobat
@: attractive, flying
A: beak, talons 3, acrobatic
a: no special abilities


You were on level 4 of the Dungeon.
You visited 1 branch of the dungeon, and saw 4 of its levels.

You collected 120 gold pieces.

Inventory:

Hand Weapons
 a - a +0 falchion
 b - a +2 whip of electrocution (weapon)
 c - a +0 flail
Missiles
 g - 3 curare-tipped darts
 i - 3 boomerangs (quivered)
Armour
 r - the +1 robe of the Planets (worn) {rElec Slay+3}
   (You found it on level 2 of the Dungeon)

   Slay+3:    It affects your accuracy & damage with ranged weapons and melee
   (+3).
   rElec:     It insulates you from electricity.
Jewellery
 k - a ring of flight (left hand)
Scrolls
 d - a scroll of butterflies {unknown}
 f - 2 scrolls of teleportation {unknown}
 l - 2 scrolls of fog {unknown}
 o - a scroll of silence {unknown}
 p - 2 scrolls of enchant armour {unknown}
 q - a scroll of brand weapon {unknown}
 s - a scroll of immolation {unknown}
Potions
 e - a potion of magic {unknown}
 h - a potion of attraction
 j - a potion of degeneration {unknown}
 m - a potion of heal wounds {unknown}
 n - a potion of lignification {unknown}
 t - a potion of might {unknown}


   Skills:
 + Level 4.2 Fighting
 - Level 4.5 Long Blades
 - Level 4.0 Maces & Flails
 - Level 4.0 Dodging


You had 5 spell levels left.
You didn't know any spells.
Your spell library contained the following spells:

 Spells                   Type           Power      Damage    Failure   Level
 Freeze                   Ice            0%         1d3       32%         1
 Frozen Ramparts          Ice            0%         1d1       69%         3
 Hailstorm                Conj/Ice       0%         3d5       69%         3


Dungeon Overview and Level Annotations

Branches:
Dungeon (4/15)
 Temple: D:4-7

Altars:
Okawaru

Annotations:
D:3 1 runed translucent door


Innate Abilities, Weirdness & Mutations

You have a beak for a mouth.
You have claws for feet.
You can magically evade attacks while moving or waiting.


Message History

You kill the quokka!
The orc wizard shouts!
An orc comes into view. It is wielding a +0 hand axe.
An orc priest comes into view. It is wielding a +0 dagger.
The orc barely misses you.
You whack the orc!
You kill the orc!
The orc priest miscasts a cantrip.
The orc wizard points at you and mumbles some strange words.
The magic dart hits you.
The orc wizard points at you and mumbles some strange words.
The magic dart hits you!
You hit the orc wizard. Your kick misses the orc wizard.
You peck the orc wizard.
The orc wizard is heavily wounded.
The orc wizard hits you but does no damage.
The orc misses you.
You hit the orc wizard.
Lightning courses through the orc wizard!!
You kill the orc wizard!
The orc barely misses you.
Your Fighting skill increases to level 4!
You closely miss the orc. You peck the orc.
The orc is severely wounded.
The orc priest looks encouraged for a moment.
You whack the orc!
You kill the orc!
The orc priest invokes the aid of Beogh against you.
Beogh smites you!
You are too injured to fight recklessly!
You hit the orc priest but do no damage.
The orc priest calls down the wrath of Beogh upon you.
Beogh smites you!
* * * LOW HITPOINT WARNING * * *
The orc misses you.
Okay, then.
It was a potion of attraction.
You feel attractive to monsters.
The orc priest hits you with a +0 dagger.
You die...

...# ...# ...# ...# ...
#################.###
................)...#
########.....###@##.#
#######.....#.oo#
#.....'.........#
#.#####......##.##.####
##+## #..........).....#
....# #................#
....# #................#
....# #.†............o..
....###..............o..


You could see an orc priest and an orc.

Vanquished Creatures
  An ogre (D:4)
  A bombardier beetle (D:3)
  Terence (D:2)
  An orc wizard (D:4)
  2 gnolls (D:2)
  2 adders
  3 orcs
  7 ball pythons
  6 bats
  3 endoplasms
  A giant cockroach (D:1)
  5 goblins
  7 hobgoblins
  4 jackals (D:3)
  6 kobolds
  4 quokkas
  A frilled lizard (D:1)
  6 rats
61 creatures vanquished.

Notes
Turn   | Place    | Note
-------+----------+-------------------------------------------
     0 | D:1      | Aneyh the Tengu Monk began the quest for the Orb.
     0 | D:1      | Reached XP level 1. HP: 14/14 MP: 2/2
   193 | D:1      | Reached XP level 2. HP: 19/19 MP: 3/3
   558 | D:1      | Reached XP level 3. HP: 23/23 MP: 4/4
   817 | D:2      | Noticed Terence
   829 | D:2      | Killed Terence
   830 | D:2      | Reached skill level 1 in Maces & Flails
   956 | D:2      | Reached XP level 4. HP: 28/28 MP: 5/5
  1202 | D:2      | Identified the +1 robe of the Planets {rElec Slay+3}
  1543 | D:3      | Reached XP level 5. HP: 32/32 MP: 6/6
  1770 | D:3      | Found an iron altar of Okawaru.
  1770 | D:3      | Found a runed translucent door.
  1787 | D:3      | Found the +0 toga "Victory" {*Victory Clar}
  1953 | D:4      | Noticed an ogre
  1956 | D:4      | Killed an ogre
  1957 | D:4      | Reached XP level 6. HP: 18/38 MP: 7/7
  2166 | D:4      | Slain by an orc priest

Illustrated notes

Levels and vault maps discovered:
D:1:      dpeg_arrival_three_same_balls, layout_basic
D:2:      layout_basic, uniq_terence, uniq_robin
D:3:      layout_rooms, nicolae_overflow_guarded_unrand_okawaru_victory
D:4:      layout_basic, kennysheep_generic_room_9

Skill      XL: |  1  2  3  4  5  6 |
---------------+-------------------+-----
Long Blades    | 4 |  4.5
Maces & Flails | 2 3 4 |  4.0
Dodging        | 4 |  4.0
Fighting       | 4 |  4.2

Action                     |  1- 3 |  4- 6 || total
---------------------------+-------+-------++-------
  Melee: Falchion          |    33 |       ||    33
         Kick              |    13 |    12 ||    25
         Peck              |     7 |    14 ||    21
         Whip              |    10 |    66 ||    76
         Punch             |       |     1 ||     1
  Throw: Boomerang         |     2 |       ||     2
    Use: Potion            |     1 |     1 ||     2
   Stab: Sleeping          |     2 |     1 ||     3
         Distracted        |     1 |       ||     1
 Armour: Robe              |     2 |    16 ||    18
         Leather armour    |     8 |     2 ||    10
  Dodge: Dodged            |    30 |    47 ||    77
